 Dungeon Crawl Stone Soup version 0.27.0-65-ge2af304b15 (webtiles) character file.

Game seed: 14204660516018097823

464 Crownlay the Cleaver (level 7, -1/61 HPs)
             Began as a Hill Orc Fighter on Aug 18, 2021.
             Was an Initiate of Okawaru.
             Slain by an ogre (10 damage)
             ... on level 4 of the Dungeon.
             The game lasted 00:10:02 (4114 turns).

Crownlay the Cleaver (Hill Orc Fighter)             Turns: 4114, Time: 00:10:03

Health: -1/61      AC: 15    Str: 21    XL:     7   Next: 7%
Magic:  0/7        EV:  9    Int:  8    God:    Okawaru [......]
Gold:   232        SH:  0    Dex: 10    Spells: 6/6 levels left

rFire    . . .     SeeInvis .   a - +0 war axe
rCold    . . .     Faith    .   (no shield)
rNeg     . . .     Spirit   +   b - +0 scale mail
rPois    .         Reflect  .   (no helmet)
rElec    .         Harm     .   d - +0 cloak
rCorr    .         Rampage  .   k - +2 pair of gloves
Will     .....                  (no boots)
Stlth    ..........             w - amulet of guardian spirit
HPRegen  0.20/turn              s - +4 ring of protection
MPRegen  0.10/turn              (no ring)

@: no status effects
A: no striking features
a: Renounce Religion


You were on level 4 of the Dungeon.
You worshipped Okawaru.
Okawaru was noncommittal.
You visited 1 branch of the dungeon, and saw 4 of its levels.
You also visited: Sewer.

You collected 232 gold pieces.

Inventory:

Hand Weapons
 a - a +0 war axe (weapon)
Armour
 b - a +0 scale mail (worn)
 c - a +0 kite shield
 d - a +0 cloak (worn)
 k - a +2 pair of gloves (worn)
 v - a +0 plate armour
Jewellery
 s - a +4 ring of protection (left hand)
 w - an amulet of guardian spirit (around neck)
 y - an amulet of magic regeneration
Scrolls
 i - 2 scrolls of amnesia
 l - a scroll of vulnerability
 m - a scroll of acquirement
 n - 3 scrolls of enchant weapon {unknown}
 o - a scroll of fear {unknown}
 p - 2 scrolls of summoning {unknown}
 q - 2 scrolls of teleportation {unknown}
 r - a scroll of blinking {unknown}
 t - a scroll of identify
 u - a scroll of enchant armour {unknown}
Potions
 e - 4 potions of invisibility {unknown}
 f - 2 potions of curing {unknown}
 g - 2 potions of brilliance {unknown}
 h - a potion of flight
 j - a potion of attraction {unknown}
 x - 4 potions of mutation {unknown}


   Skills:
 - Level 5.0 Fighting
 * Level 9.0 Axes
 - Level 3.2 Armour
 - Level 3.2 Shields


You had 6 spell levels left.
You didn't know any spells.
Your spell library contained the following spells:

 Spells                   Type           Power      Damage    Failure   Level
 Corpse Rot               Necr/Air       N/A        N/A       87%         2
 Poisonous Vapours        Pois/Air       0%         N/A       87%         2
 Freezing Cloud           Conj/Ice/Air   0%         6-21      100%        5


Dungeon Overview and Level Annotations

Branches:
Dungeon (4/15)              Sewer (visited)
 Temple: D:4-7

Altars:
Okawaru


Message History

You kill the endoplasm!
Okawaru accepts your kill. The ogre closely misses you.
You hit the ogre.
The ogre is lightly wounded.
The ogre hits you with a +0 giant club.
You hit the ogre.
The ogre is moderately wounded.
You barely miss the ogre.
The ogre is moderately wounded.
The ogre hits you with a +0 giant club!
You hit the ogre but do no damage.
The ogre is moderately wounded.
The ogre closely misses you.
You barely miss the ogre.
The ogre is moderately wounded.
The ogre barely misses you.
You slash the ogre!
The ogre is heavily wounded.
The ogre hits you with a +0 giant club!
You hit the ogre but do no damage.
The ogre is heavily wounded.
The ogre hits you with a +0 giant club!!
You are too injured to fight recklessly!
You are too injured to fight recklessly!
You are too injured to fight recklessly!
You hit the ogre.
The ogre is severely wounded.
You hit the ogre.
The ogre is severely wounded.
The ogre hits you with a +0 giant club!
* * * LOW HITPOINT WARNING * * *
You hit the ogre but do no damage.
The ogre is severely wounded.
The ogre closely misses you.
Okay, then.
You hit the ogre.
The ogre is severely wounded.
The ogre hits you with a +0 giant club!
You die...

#.# #.# #.# ####+#.##
#.......# ####
#.......# #..
###.......# #.#######.
#.....@†>.####)#.......
#....O.#.##......###
#......#....[##....#
#...?..####.....##.####
#......# ##.##.##.....
######## #....#......
######...... #........
#.#####.#


You could see an ogre.

Vanquished Creatures
  Sigmund (D:3)
  A phantom (D:4)
  A hound (D:4)
  An orc priest (D:3)
  Ijyb (D:3)
  A gnoll (D:3)
  An adder (D:4)
  4 worms
  2 dart slugs
  6 orcs (D:3)
  9 ball pythons
  14 bats
  10 endoplasms
  7 giant cockroaches
  6 goblins
  6 hobgoblins
  7 jackals
  4 quokkas (Sewer)
  6 frilled lizards
  7 kobolds
  9 rats
104 creatures vanquished.

Vanquished Creatures (others)
  4 fungi (D:2)
  8 plants
12 creatures vanquished.

Grand Total: 116 creatures vanquished

Notes
Turn   | Place    | Note
-------+----------+-------------------------------------------
     0 | D:1      | Crownlay the Hill Orc Fighter began the quest for the Orb.
     0 | D:1      | Reached XP level 1. HP: 19/19 MP: 1/1
   205 | D:1      | Reached XP level 2. HP: 26/27 MP: 2/2
  1118 | D:2      | Reached skill level 5 in Fighting
  1118 | D:2      | Reached XP level 3. HP: 17/36 MP: 3/3
  1359 | D:2      | Reached skill level 3 in Axes
  1458 | D:2      | Found a faded altar of an unknown god.
  2212 | D:3      | Identified a scroll of acquirement
  2272 | D:3      | Reached skill level 4 in Axes
  2290 | D:3      | Reached XP level 4. HP: 41/42 MP: 4/4
  2295 | D:3      | Found a glowing drain.
  2305 | Sewer    | Entered a sewer
  2975 | Sewer    | Reached skill level 5 in Axes
  3257 | D:3      | Noticed Sigmund
  3267 | D:3      | Killed Sigmund
  3268 | D:3      | Reached skill level 7 in Axes
  3268 | D:3      | Reached XP level 5. HP: 44/48 MP: 5/5
  3268 | D:3      | Reached XP level 6. HP: 51/56 MP: 6/6
  3283 | D:3      | Noticed Ijyb
  3292 | D:3      | Killed Ijyb
  3465 | D:3      | Reached skill level 8 in Axes
  3885 | D:3      | Found an iron altar of Okawaru.
  3894 | D:3      | Became a worshipper of Warmaster Okawaru
  4073 | D:4      | Reached XP level 7. HP: 61/61 MP: 7/7
  4091 | D:4      | Reached skill level 9 in Axes
  4114 | D:4      | Slain by an ogre

Illustrated notes

Levels and vault maps discovered:
D:1:      psy_arrival_radial02, layout_basic, columned_hall_lemuel,
          serial_bayou_lake_a
D:2:      layout_basic, dreamdust_ecumenical_altar_hidden_monk_grotto
D:3:      layout_basic, marbit_many_paths, portal_sewer_entry_b,
          minmay_surrounded, uniq_ijyb, uniq_sigmund
D:4:      layout_basic, serial_shops, nicolae_square_shop

Skill      XL: |  1  2  3  4  5  6  7 |
---------------+----------------------+-----
Fighting       | 4 5 |  5.0
Axes           | 4 7 8 9 |  9.0
Armour         | |  3.2
Shields        | |  3.2

Action                   |  1- 3 |  4- 6 |  7- 9 || total
-------------------------+-------+-------+-------++-------
Melee: War axe           |   113 |   165 |    17 ||   295
  Use: Scroll            |     3 |       |       ||     3
       Potion            |       |     5 |       ||     5
Armor: Scale mail        |    50 |   137 |     2 ||   189
Dodge: Dodged            |    60 |    91 |     8 ||   159
